 Dungeon Crawl Stone Soup version 0.28-a0-863-g8cecda6153 (webtiles) character file.

Game seed: 17267134766467370629

88 kae the Insei (level 4, -1/36 HPs)
             Began as a Draconian Transmuter on Nov 16, 2021.
             Succumbed to Crazy Yiuf's poison
             ... on level 2 of the Dungeon.
             The game lasted 00:01:33 (2988 turns).

kae the Insei (Draconian Transmuter)                Turns: 2988, Time: 00:01:34

Health: -1/36      AC:  2    Str: 12    XL:     4   Next: 30%
Magic:  4/7        EV: 19    Int: 14    God:
Gold:   91         SH:  0    Dex: 17    Spells: 4/8 levels left

rFire   . . .      SeeInvis .     - Unarmed
rCold   . . .      Faith    .   (shield currently unavailable)
rNeg    . . .      Spirit   .   (armour unavailable)
rPois   x          Reflect  .   (helmet currently unavailable)
rElec   .          Harm     .   (cloak currently unavailable)
rCorr   .          Rampage  .   (gloves currently unavailable)
Will    .....                   (boots currently unavailable)
Stlth   ++........              (no amulet)
HPRegen 0.12/turn               (no ring)
MPRegen 0.10/turn               (no ring)

@: mighty, lethally poisoned (-1 -> -17), spider-form (expiring)
A: venomous fangs, AC +5, tiny, unfitting armour, (cold-blooded)
a: End Transformation


You were on level 2 of the Dungeon.
You were a venomous arachnid creature.
You visited 1 branch of the dungeon, and saw 3 of its levels.

You collected 91 gold pieces.

Inventory:

Jewellery
 h - a ring of positive energy
Potions
 a - 2 potions of berserk rage
 d - 2 potions of invisibility {unknown}
 e - a potion of brilliance {unknown}
 f - a potion of flight {unknown}


   Skills:
 + Level 2.1 Fighting
 - Level 1.7 Dodging
 * Level 4.0 Unarmed Combat
 + Level 2.5 Spellcasting
 + Level 2.6 Transmutations


You had 4 spell levels left.
You knew the following spells:

 Your Spells              Type           Power      Damage    Failure   Level
a - Beastly Appendage     Tmut           18%        N/A       21%         1
b - Spider Form           Tmut/Pois      5%         N/A       58%         3

Your spell library contained the following spells:

 Spells                   Type           Power      Damage    Failure   Level
 Wereblood                Tmut           9%         N/A       28%         2
 Ice Form                 Ice/Tmut       5%         N/A       91%         4


Dungeon Overview and Level Annotations

Branches:
Dungeon (3/15)

Altars:

Annotations:
D:2 Crazy Yiuf


Innate Abilities, Weirdness & Mutations

You are a venomous arachnid creature.
You have poisonous fangs.
You are tiny and dextrous.
Your spellcasting is less reliable in this form.
Your armour is entirely melded.
You are incapable of wielding weapons or throwing items.
((Your plain brown scales are hard. (AC +5)))
You cannot fit into any form of body armour.
((You are cold-blooded and may be slowed by cold attacks.))


Message History

A hobgoblin is nearby!
There is a stone staircase leading up here.
Magic restored.
You climb upwards.
Level annotation: 1 runed translucent door, Crazy Yiuf
There is a stone staircase leading down here.
HP restored.
You see here 7 poisoned darts.
Key pressed, stopping explore.
There is an escape hatch in the floor here.
Crazy Yiuf shouts!
Crazy Yiuf grits, "Mountain ladder high!"
Could not explore, unopened runed door.
Casting: Spider Form (quite dangerous; 36% risk of failure)
Confirm with . or Enter, or press ? or * to list all spells.
The spell is quite dangerous to cast (36% risk of failure)!
Continue anyway? [Y]es or [N]o only, please.
The spell is quite dangerous to cast (36% risk of failure)!
Continue anyway?
You turn into a venomous arachnid creature.
You open the door. You barely miss Crazy Yiuf.
Crazy Yiuf hits you with a +3 quarterstaff of chaos!!
Ouch! That really hurt!
Crazy Yiuf burns you.
You hit Crazy Yiuf.
Crazy Yiuf is poisoned.
Crazy Yiuf is moderately wounded.
Your transformation is almost over.
You hit Crazy Yiuf but do no damage.
Crazy Yiuf is heavily wounded.
Crazy Yiuf misses you.
You hit Crazy Yiuf but do no damage.
Crazy Yiuf is heavily wounded.
Crazy Yiuf hits you with a +3 quarterstaff of chaos.
* * * LOW HITPOINT WARNING * * *
You are lethally poisoned!
* * * LOW HITPOINT WARNING * * *
You feel very sick.
It was a potion of might.
You feel very mighty all of a sudden.
You die...

#######.##...................
#.....####....###############
#.##### #....# # #.# #....# #
#.# ##...# # #.# ##.## # #.#
##.# # #.# #.## ### # #<#
##s# #.# # #.# #g## #.# # #.#
#'# #.# ## #.# ... #.# #. #.#
#...# #.# #. #.# #)..# #.# #.
#####.##### ##### #.# #.
......##..# #.# #.
####.#...############.# #.


You could see Crazy Yiuf (very poisoned).

Vanquished Creatures
  An orc priest (D:2)
  2 adders (D:2)
  2 dart slugs
  2 orcs (D:3)
  2 bats
  4 endoplasms
  A giant cockroach (D:2)
  6 goblins
  A hobgoblin (D:2)
  4 kobolds
  A quokka (D:2)
  4 ball pythons
  3 frilled lizards (D:1)
  A rat (D:1)
34 creatures vanquished.

Notes
Turn   | Place    | Note
-------+----------+-------------------------------------------
     0 | D:1      | kae the Draconian Transmuter began the quest for the Orb.
     0 | D:1      | Reached XP level 1. HP: 16/16 MP: 3/3
   631 | D:1      | Reached XP level 2. HP: 23/23 MP: 3/5
   665 | D:1      | Found a faded altar of an unknown god.
  1448 | D:2      | Reached XP level 3. HP: 4/29 MP: 6/6
  2059 | D:2      | Found a runed translucent door.
  2060 | D:2      | Noticed Crazy Yiuf
  2469 | D:2      | Learned a level 3 spell: Spider Form
  2513 | D:2      | Reached skill level 4 in Unarmed Combat
  2513 | D:2      | Reached XP level 4. HP: 14/36 MP: 4/7
  2987 | D:2      | HP: 1/36 [poisoned by Crazy Yiuf]
  2988 | D:2      | Succumbed to Crazy Yiuf's poison

Illustrated notes

Levels and vault maps discovered:
D:1:      dpeg_arrival_castle, layout_loops_corners,
          shapermc_ecumenical_altar_starsandcircs
D:2:      layout_loops_ring, uniq_crazy_yiuf_cottage
D:3:      layout_basic, mainiacjoe_overflow_alcove_4,
          nicolae_qazlal_style_of_elements, serial_shops,
          nicolae_shop_hallway_stairs

Skill      XL: |  1  2  3 |
---------------+----------+-----
Fighting       | 2 |  2.1
Unarmed Combat | 4 |  4.0
Dodging        | |  1.7
Spellcasting   | |  2.5
Transmutations | |  2.6

Action                   |  1- 3 |  4- 6 || total
-------------------------+-------+-------++-------
Melee: Unarmed           |    84 |    12 ||    96
       Headbutt          |     7 |       ||     7
       Tailslap          |     6 |       ||     6
       Kick              |    10 |       ||    10
 Cast: Beastly Appendage |    21 |       ||    21
       Spider Form       |     1 |     2 ||     3
  Use: Scroll            |     4 |       ||     4
       Potion            |     1 |     1 ||     2
 Stab: Sleeping          |     1 |       ||     1
Armor: Skin              |    25 |       ||    25
Dodge: Dodged            |    50 |     7 ||    57

Table legend: (Time is in decaauts)
 A = Elapsed time spent in this place.
 B = Non-inter-level travel time spent in this place.
 C = Inter-level travel time spent in this place.
 D = Time resting spent in this place.
 E = Time spent auto-exploring this place.
 F = Levels seen in this place.
 G = Mean time per level.
                   A        B        C        D        E       F      G
               +--------+--------+--------+--------+--------+-----+--------+
         Total |   2987 |   2868 |    119 |     41 |   2488 |   3 |  995.7 |
       Dungeon |   2987 |   2868 |    119 |     41 |   2488 |   3 |  995.7 |
               +--------+--------+--------+--------+--------+-----+--------+

Top non-repeatable levels by time:
     D:2: 1702 daAuts
     D:1: 1247 daAuts
     D:3: 36 daAuts
